 Dungeon Crawl Stone Soup version 0.27-a0-1332-g84bddb5ca7 (webtiles) character file.

Game seed: 12900562593354353679

372 pokeman the Magician (level 6, -1/34 HPs)
             Began as a Deep Elf Hedge Wizard on June 25, 2021.
             Was an Initiate of Vehumet.
             Slain by a water moccasin zombie (6 damage)
             ... on level 5 of the Dungeon.
             The game lasted 00:10:10 (5586 turns).

pokeman the Magician (Deep Elf Hedge Wizard)        Turns: 5586, Time: 00:10:11

Health: -1/34      AC:  2    Str:  7    XL:     6   Next: 43%
Magic:  11/18      EV: 13    Int: 21    God:    Vehumet [......]
Gold:   110        SH:  0    Dex: 14    Spells: 8/19 levels left

rFire    . . .     SeeInvis .   g - +1 short sword (venom)
rCold    . . .     Faith    .   (no shield)
rNeg     . . .     Spirit   .   b - +0 robe
rPois    .         Reflect  .   c - +0 hat
rElec    .         Harm     .   (no cloak)
rCorr    .         Rampage  .   (no gloves)
Will     .....                  (no boots)
Stlth    ++........             (no amulet)
HPRegen  0.11/turn              (no ring)
MPRegen  0.16/turn              (no ring)

@: no status effects
A: no striking features
a: Renounce Religion


You were on level 5 of the Dungeon.
You worshipped Vehumet.
Vehumet was noncommittal.
You visited 2 branches of the dungeon, and saw 7 of its levels.

You collected 110 gold pieces.

Inventory:

Hand Weapons
 g - a +1 short sword of venom (weapon)
Missiles
 a - 123 arrows
 l - 17 bolts
Armour
 b - a +0 robe (worn)
 c - a +0 hat (worn)
Scrolls
 d - a scroll of fear {unknown}
 f - 6 scrolls of identify {unknown}
 h - a scroll of brand weapon {unknown}
Potions
 e - a potion of lignification {unknown}
 i - a potion of brilliance {unknown}
 j - a potion of cancellation {unknown}
 k - 3 potions of heal wounds {unknown}
 m - a potion of invisibility {unknown}
 o - a potion of haste {unknown}
Miscellaneous
 n - a piece from Xom's chessboard (13/15)


   Skills:
 + Level 1.3 Fighting
 - Level 1.0 Armour
 - Level 3.1 Dodging
 - Level 3.0 Stealth
 * Level 7.1 Spellcasting
 + Level 3.2 Conjurations
 - Level 1.1 Summonings
 - Level 1.1 Translocations
 + Level 1.3 Fire Magic
 - Level 1.0 Air Magic
 - Level 1.0 Poison Magic


You had 8 spell levels left.
You knew the following spells:

 Your Spells              Type           Power      Damage    Failure   Level
a - Magic Dart            Conj           84%        1d7       2%          1
b - Mephitic Cloud        Conj/Pois/Air  14%        N/A       13%         3
c - Call Imp              Summ           12%        N/A       9%          2
d - Blink                 Tloc           N/A        N/A       9%          2
e - Conjure Flame         Conj/Fire      17%        6-21      10%         3

Your spell library contained the following spells:

 Spells                   Type           Power      Damage    Failure   Level
 Animate Skeleton         Necr           14%        N/A       9%          1
 Pain                     Necr           28%        1d5       9%          1
 Slow                     Hex            7%         N/A       13%         2
 Vampiric Draining        Necr           3%         2d6       26%         3
 Animate Dead             Necr           3%         N/A       65%         4
 Agony                    Necr           7%         N/A       94%         5


Dungeon Overview and Level Annotations

Branches:
Dungeon (6/15)             Temple (1/1) D:4

Altars:
Ashenzari
Cheibriados
Elyvilon
Nemelex Xobeh
Okawaru
Ru
Trog
Vehumet
Wu Jian
Xom
Yredelemnul
Zin
The Shining One


Message History

Aiming: Magic Dart (safe; 2% risk of failure)
Press: ? - help, Shift-Dir - straight line, f/p - orc
Aim: an orc, wielding a +0 flail (almost dead, 100% to hit)
The magic dart hits the orc.
You kill the orc!
Vehumet accepts your kill.
o - a fizzy silvery potion You see here a +0 flail.
Found a quarterstaff.
A water moccasin zombie comes into view.
Found 23 arrows, 14 stones, a long sword and a diamond ring.
Casting: Magic Dart (safe; 2% risk of failure)
Confirm with . or Enter, or press ? or * to list all spells.
The spell is quite dangerous to cast (10% risk of failure)!
Continue anyway?
The fire begins to smoulder!
An ice beast comes into view.
The ice beast smothers the flame.
The ice beast hits you. The ice beast freezes you!
The water moccasin zombie completely misses you.
The ice beast hits you. The ice beast freezes you!
* * * LOW HITPOINT WARNING * * *
The water moccasin zombie bites you.
* * * LOW HITPOINT WARNING * * *
Casting: Conjure Flame (quite dangerous; 10% risk of failure)
Confirm with . or Enter, or press ? or * to list all spells.
A beastly little devil appears in a puff of frigid air.
The water moccasin zombie bites you.
* * * LOW HITPOINT WARNING * * *
Casting: Call Imp (safe; 9% risk of failure)
Confirm with . or Enter, or press ? or * to list all spells.
A metallic apparition takes form in the air.
The water moccasin zombie closely misses you.
The water moccasin zombie bites you.
* * * LOW HITPOINT WARNING * * *
Unknown command.
Casting: Call Imp (safe; 9% risk of failure)
Confirm with . or Enter, or press ? or * to list all spells.
A metallic apparition takes form in the air.
The water moccasin zombie bites you.
You die...

## ##.## ##.#)##
##.#.#.##
##5#.#.#.##
##5#@###.#.##
##.#Z##.##.#.##
##.#Y##.#.##.#.##
##.#5##.#.#.##.#.##
#.#.##.#...# ##.#.#
#.##(()=# ##.#.#
#)#.Y.# ##.#.##
##.#.#.# ##.#.##
##.#.## ##.#.##


You could see an ice beast (ally target), a water moccasin zombie (ally target),
a friendly iron imp (summoned) and a friendly white imp (summoned).

Vanquished Creatures
  An ogre (D:4)
  A scorpion (D:4)
  A hound (D:4)
  A gnoll shaman (D:4)
  3 gnolls (D:4)
  5 adders
  An adder skeleton (D:4)
  A worm (D:4)
  4 dart slugs (D:3)
  2 orcs
  4 ball pythons (D:1)
  2 bats
  5 endoplasms
  3 giant cockroaches (D:4)
  15 goblins
  4 hobgoblins
  7 jackals (D:2)
  3 quokkas
  8 frilled lizards
  8 kobolds
  7 rats
86 creatures vanquished.

Vanquished Creatures (collateral kills)
  A dart slug (D:4)
1 creature vanquished.

Vanquished Creatures (others)
  A goblin (D:4)
1 creature vanquished.

Grand Total: 88 creatures vanquished

Notes
Turn   | Place    | Note
-------+----------+-------------------------------------------
     0 | D:1      | pokeman the Deep Elf Hedge Wizard began the quest for the
                  | Orb.
     0 | D:1      | Reached XP level 1. HP: 10/10 MP: 7/7
   295 | D:1      | Reached XP level 2. HP: 7/15 MP: 0/9
  1160 | D:1      | Reached skill level 5 in Spellcasting
  1719 | D:2      | Reached XP level 3. HP: 20/20 MP: 8/11
  1733 | D:2      | Learned a level 3 spell: Mephitic Cloud
  1736 | D:2      | Learned a level 2 spell: Call Imp
  1739 | D:2      | Learned a level 2 spell: Blink
  1743 | D:2      | Learned a level 3 spell: Conjure Flame
  2271 | D:2      | Reached skill level 1 in Armour
  2275 | D:2      | Found a sacrificial altar of Ru.
  2336 | D:2      | Reached skill level 1 in Fighting
  2878 | D:3      | Found an iron altar of Okawaru.
  3036 | D:3      | Found a glowing golden altar of the Shining One.
  3037 | D:3      | Found a shimmering altar of Xom.
  3418 | D:3      | Found a faded altar of an unknown god.
  3464 | D:3      | Reached XP level 4. HP: 25/25 MP: 10/13
  3540 | D:3      | Found a basalt altar of Yredelemnul.
  3968 | D:4      | Noticed an ogre
  4010 | D:4      | HP: 1/25 [dart slug/slug dart (6)]
  4465 | D:4      | Noticed a scorpion
  4474 | D:4      | Killed a scorpion
  4475 | D:4      | Reached skill level 6 in Spellcasting
  4475 | D:4      | Reached skill level 1 in Fire Magic
  4475 | D:4      | Reached XP level 5. HP: 28/29 MP: 7/15
  4555 | D:4      | Found a staircase to the Ecumenical Temple.
  4570 | Temple   | Entered the Ecumenical Temple
  4578 | Temple   | Became a worshipper of Vehumet
  4787 | D:4      | Reached skill level 1 in Air Magic
  5017 | D:4      | Reached XP level 6. HP: 34/34 MP: 14/17
  5239 | D:4      | Reached skill level 7 in Spellcasting
  5239 | D:4      | Reached skill level 1 in Poison Magic
  5326 | D:4      | You fall into a shaft and drop 2 floors!
  5330 | D:6      | Noticed an ice beast
  5399 | D:6      | Noticed an acid dragon
  5421 | D:5      | Entered Level 5 of the Dungeon
  5574 | D:5      | Noticed an ice beast
  5586 | D:5      | Slain by a water moccasin zombie

Illustrated notes

Levels and vault maps discovered:
D:1:      roderic_lyre, layout_basic, skrybe_limestone_x, hex_tiny,
          minmay_lizard_pond
D:2:      layout_loops_corners, basic_altar
D:3:      layout_rooms, amcnicky_altar_gilded, lemuel_doored_altar,
          gammafunk_temple_overflow_pools, dilly_ecumenical_altar_fadedgnrine,
          minmay_crystal_water
D:4:      cheibrodos_helix_gallery, layout_loops_ring,
          minmay_temple_entry_waves, minmay_door_square, minmay_ogre_servants
D:5:      minmay_inner_zag, layout_rooms, grunt_ministairs_14
D:6:      minmay_general_purpose_star, layout_basic, kennysheep_orc_sif_temple,
          serial_shops, nicolae_shop_crystal, hellmonk_bongcloud_opening
Temple:   eino_temple_lava

Skill      XL: |  1  2  3  4  5  6 |
---------------+-------------------+-----
Spellcasting   | 5 6 7 |  7.1
Armour         | 1 |  1.0
Fighting       | 1 |  1.3
Conjurations   | 2 3 |  3.2
Dodging        | 3 |  3.1
Fire Magic     | 1 |  1.3
Stealth        | 3 |  3.0
Air Magic      | 1 |  1.0
Poison Magic   | 1 |  1.0
Summonings     | |  1.1
Translocations | |  1.1

Action                   |  1- 3 |  4- 6 || total
-------------------------+-------+-------++-------
Melee: Dagger            |     6 |       ||     6
       Short sword       |    13 |    40 ||    53
 Cast: Magic Dart        |   105 |    64 ||   169
       Mephitic Cloud    |       |     9 ||     9
       Call Imp          |       |     8 ||     8
       Blink             |       |     2 ||     2
       Conjure Flame     |       |     5 ||     5
Evoke: Piece from Xom's  |       |     2 ||     2
 Stab: Sleeping          |     1 |     1 ||     2
       Confused          |       |     8 ||     8
Armor: Robe              |     6 |     2 ||     8
Dodge: Dodged            |    27 |    43 ||    70

Table legend: (Time is in decaauts)
 A = Elapsed time spent in this place.
 B = Non-inter-level travel time spent in this place.
 C = Inter-level travel time spent in this place.
 D = Time resting spent in this place.
 E = Time spent auto-exploring this place.
 F = Levels seen in this place.
 G = Mean time per level.
                   A        B        C        D        E       F      G
               +--------+--------+--------+--------+--------+-----+--------+
         Total |   5593 |   5450 |    143 |    334 |   4494 |   7 |  799.0 |
       Dungeon |   5576 |   5440 |    136 |    334 |   4493 |   6 |  929.3 |
        Temple |     16 |      9 |      7 |      0 |      1 |   1 |   16.0 |
               +--------+--------+--------+--------+--------+-----+--------+

Top non-repeatable levels by time:
     D:1: 1565 daAuts
     D:3: 1282 daAuts
     D:2: 1276 daAuts
     D:4: 1191 daAuts
     D:5: 164 daAuts
     D:6: 94 daAuts
  Temple: 16 daAuts
